 Dungeon Crawl Stone Soup version 0.30-a0-457-g4b7bca3bfa (console) character file.

Game seed: 11581316092583100528

12110 jejorda2 the Impaler (level 11, -14/121 HPs)
             Began as a Merfolk Berserker on Dec 13, 2022.
             Was a High Priest of Trog.
             Hit by a large rock thrown by a cyclops (28 damage)
             ... on level 11 of the Dungeon.
             The game lasted 00:27:03 (10230 turns).

jejorda2 the Impaler (Merfolk Berserker)           Turns: 10230, Time: 00:27:04

Health: -14/121    AC: 15    Str: 22    XL:     11   Next: 88%
Magic:  11/11      EV: 11    Int:  7    God:    Trog [*****.]
Gold:   601        SH:  0    Dex: 13    Spells: 10/10 levels left

rFire   + . .      SeeInvis +    a - +4 bardiche (venom)
rCold   + + .      Faith    .    (shield currently unavailable)
rNeg    . . .      Spirit   .    C - +2 scale mail {rPois}
rPois   +          Reflect  .    p - +2 helmet {SInv}
rElec   .          Harm     .    d - scarf {rC+ rF+}
rCorr   .          Rampage  .    (no gloves)
Will    .....                    x - +1 pair of boots
Stlth   ..........               (no amulet)
HPRegen 0.40/turn                q - ring of protection from cold
MPRegen 0.12/turn                P - +4 ring of slaying

@: berserking, very quick
A: (nimble swimmer 2), mertail
a: Renounce Religion, Berserk, Trog's Hand, Brothers in Arms


You were on level 11 of the Dungeon.
You worshipped Trog.
Trog was extremely pleased with you.
You visited 1 branch of the dungeon, and saw 11 of its levels.
You also visited: Sewer and Ossuary.

You collected 1321 gold pieces.
You spent 720 gold pieces at shops.

Inventory:

Hand Weapons
 a - a +4 bardiche of venom (weapon)
 b - a +0 trident
Missiles
 f - 2 javelins
 i - 3 throwing nets
 k - 9 boomerangs
 m - 102 stones (quivered)
 t - 17 poisoned darts
 E - 2 curare-tipped darts
Armour
 d - a scarf of resistance (worn)
 p - a +2 helmet of see invisible (worn)
 x - a +1 pair of boots (worn)
 C - a +2 scale mail of poison resistance (worn)
Jewellery
 q - a ring of protection from cold (left hand)
 J - a ring of positive energy
 P - a +4 ring of slaying (right hand)
Wands
 c - a wand of digging (3)
 y - a wand of flame (30)
 A - a wand of polymorph (3)
 F - a wand of acid (4)
 L - a wand of mindburst (6)
Scrolls
 s - 4 scrolls of blinking
 z - a scroll of immolation
 B - a scroll of torment {unknown}
 G - 2 scrolls of teleportation
 H - a scroll of fear
 I - 2 scrolls of poison {unknown}
 M - a scroll of noise {unknown}
 N - a scroll of enchant weapon
 O - a scroll of magic mapping {unknown}
Potions
 e - 2 potions of berserk rage
 g - 3 potions of mutation
 h - 4 potions of haste
 j - 2 potions of invisibility {unknown}
 l - 3 potions of curing
 n - 3 potions of lignification
 o - 3 potions of might
 r - 2 potions of heal wounds
 u - 2 potions of ambrosia
 v - 3 potions of attraction {unknown}
 w - 3 potions of flight
 D - 2 potions of cancellation {unknown}
 K - 3 potions of resistance {unknown}


   Skills:
 - Level 6.0 Fighting
 * Level 17.9 Polearms
 + Level 8.8 Throwing
 - Level 6.0 Armour
 - Level 2.6 Dodging


You had 10 spell levels left.
You didn't know any spells.
Your spell library was empty.

Dungeon Overview and Level Annotations

Branches:
Dungeon (11/15)            Temple (0/1) D:7            Lair (0/5) D:11
    Orc (0/2) D:10          Sewer (visited)         Ossuary (visited)

Altars:
Cheibriados
Dithmenos
Elyvilon
Makhleb
Nemelex Xobeh
Okawaru
Qazlal
Ru
Sif Muna
Trog
Uskayaw
Vehumet
Wu Jian
Xom
Zin
The Shining One

Shops:
D:1 [   D:3 [(   D:4 !=   D:6 (=[   D:9 :

Annotations:
D:3 1 runed translucent door, Adrian566's ghost, amateur DsGl


Innate Abilities, Weirdness & Mutations

((You are very nimble when in or above water. (Stealth+, EV+, Speed+++)))
Your lower body shifts to a powerful aquatic tail in water.


Message History

The boulder beetle curls into a ball and begins rolling!
The yak attacks as you move away! The yak gores you.
A red film seems to cover your vision as you go berserk!
You feel yourself moving faster!
You feel mighty! The yak gores you! The boulder beetle hits you!!
* * * LOW HITPOINT WARNING * * *
The boulder beetle stops rolling and uncurls.
You are too injured to fight recklessly!
You are too injured to fight recklessly!
You are too injured to fight recklessly!
You are too injured to fight recklessly!
You closely miss the yak.
The yak is moderately wounded.
The boulder beetle leaps!
The yak gores you!
* * * LOW HITPOINT WARNING * * *
You barely miss the yak.
The yak is moderately wounded.
The yak gores you.
* * * LOW HITPOINT WARNING * * *
The boulder beetle leaps!
You closely miss the yak.
The yak is moderately wounded.
You barely miss the yak.
The yak is moderately wounded.
The yak gores you but does no damage.
The boulder beetle curls into a ball and begins rolling!
You slice the yak!!
The yak is almost dead.
The yak gores you!
* * * LOW HITPOINT WARNING * * *
You slash the yak!
You kill the yak!
Trog accepts your kill.
Reach: a) +4 bardiche (venom)
Press: ? - help, Dir - move target, f - cyclops
Aim: a cyclops, quivering large rocks (about 11% to evade your +4 bardiche of venom)
You reach to attack!
You slash the cyclops!
The cyclops is poisoned.
The cyclops is lightly wounded.
The cyclops throws a large rock.
The large rock hits you!!
You die...

#~~~~~~.#
######~~~~~~.~~
#......~~~~~.~~ ##
#......~~~~~##~ ≈
≈ ##......#~~~~...
#.. #≈
#.......##~~#.##
....#≈####.......#
###.#
..)...'..#.....###
......C.@B○....#
....#≈####.°...# #
# ###°### #.# #.#
#.# #.# #+#


You could see a boulder beetle (rolling) and a cyclops (very poisoned).

Vanquished Creatures
  2 two-headed ogres
  3 deep elf pyromancers (D:10)
  2 cyclopes (D:10)
  A gargoyle (D:10)
  2 unseen horrors (D:10)
  A kobold demonologist (D:10)
  An efreet (D:10)
  A freezing wraith (D:10)
  3 trolls
  A vampire (D:10)
  A wraith (D:10)
  A shadow (D:11)
  8 yaks
  A vampire mosquito (D:10)
  2 steam dragons
  Menkaure (D:4)
  2 acid dragons
  A water moccasin (Sewer)
  Duvessa (D:6)
  3 ice beasts
  2 sky beasts
  5 orc warriors
  A black bear (D:6)
  An ogre (D:5)
  3 centaurs
  3 kobold brigands
  3 bullfrogs
  An elf zombie (Ossuary)
  A necrophage (D:5)
  2 scorpions
  Dowan (D:6)
  3 wights (D:10)
  13 killer bees
  An electric eel (D:9)
  7 howler monkeys
  A human zombie (Ossuary)
  5 hounds
  5 orc priests
  2 jellies
  6 iguanas
  13 orc wizards
  2 mummies (Ossuary)
  A gnoll (D:1)
  12 adders
  4 white imps
  2 ufetubi
  5 worms
  2 dart slugs
  37 orcs
  4 ball pythons
  6 endoplasms
  4 giant cockroaches
  4 goblins
  4 hobgoblins
  5 jackals
  5 quokkas
  5 bats
  A frilled lizard (D:2)
  3 gnoll zombies (Ossuary)
  3 goblin zombies (Ossuary)
  A hobgoblin zombie (Ossuary)
  17 kobolds
  5 orc zombies (Ossuary)
  11 rats
260 creatures vanquished.

Vanquished Creatures (others)
  A centaur simulacrum (D:10)
1 creature vanquished.

Grand Total: 261 creatures vanquished

Notes
Turn   | Place    | Note
-------+----------+-------------------------------------------
     0 | D:1      | jejorda2 the Merfolk Berserker began the quest for the Orb.
     0 | D:1      | Reached XP level 1. HP: 18/18 MP: 1/1
    64 | D:1      | Reached XP level 2. HP: 6/24 MP: 2/2
   333 | D:1      | Found Feulou's Antique Armour Boutique.
   397 | D:1      | Reached XP level 3. HP: 29/29 MP: 3/3
   670 | D:1      | Reached skill level 5 in Polearms
  1155 | D:2      | Reached XP level 4. HP: 36/37 MP: 4/4
  1714 | D:3      | Found a bloodstained altar of Trog.
  1805 | D:3      | Found a faded altar of an unknown god.
  1852 | D:3      | Reached XP level 5. HP: 42/42 MP: 5/5
  1852 | D:3      | Reached ** piety under Trog
  1858 | D:3      | Reached skill level 6 in Polearms
  1881 | D:3      | Found a shadowy altar of Dithmenos.
  2024 | D:3      | Found Vithrezen's Antique Armour Emporium.
  2040 | D:3      | Found a glowing golden altar of the Shining One.
  2041 | D:3      | Found a glowing silver altar of Zin.
  2041 | D:3      | Found a white marble altar of Elyvilon.
  2226 | D:3      | Found a runed translucent door.
  2226 | D:3      | Noticed Adrian566's ghost (amateur DsGl)
  2289 | D:3      | Found Mab Qaum's Weapon Shoppe.
  2684 | D:4      | Found a sand-covered staircase.
  2691 | Ossuary  | Entered an ossuary
  2782 | Ossuary  | Reached XP level 6. HP: 47/49 MP: 6/6
  2868 | Ossuary  | Reached skill level 7 in Polearms
  3034 | D:4      | Found an iron altar of Okawaru.
  3095 | D:4      | Found a glowing drain.
  3109 | Sewer    | Entered a sewer
  3136 | Sewer    | Noticed a water moccasin
  3147 | Sewer    | Killed a water moccasin
  3148 | Sewer    | Reached skill level 5 in Fighting
  3148 | Sewer    | Reached XP level 7. HP: 54/56 MP: 7/7
  3292 | D:4      | Reached *** piety under Trog
  3350 | D:4      | Found Cyninack's Distillery.
  3358 | D:4      | Bought a potion of degeneration for 12 gold pieces
  3358 | D:4      | Bought a potion of might for 48 gold pieces
  3431 | D:4      | Reached skill level 8 in Polearms
  3442 | D:4      | Identified the +8 short sword of Derotoph {pain, Dex+4}
  3552 | D:4      | Found Qontitz's Jewellery Shoppe.
  3724 | D:4      | Noticed Menkaure
  3731 | D:4      | Killed Menkaure
  3995 | D:5      | Entered Level 5 of the Dungeon
  4192 | D:5      | Reached skill level 9 in Polearms
  4192 | D:5      | Reached skill level 1 in Throwing
  4192 | D:5      | Reached XP level 8. HP: 64/64 MP: 8/8
  4696 | D:5      | Found a radiant altar of Vehumet.
  4860 | D:6      | Found Akerph's Jewellery Shop.
  4896 | D:6      | Reached skill level 10 in Polearms
  4930 | D:6      | Reached **** piety under Trog
  5066 | D:6      | Found Sitenugg's Armour Shoppe.
  5069 | D:6      | Bought a +2 scale mail of poison resistance for 234 gold
                  | pieces
  5094 | D:6      | Noticed Dowan
  5097 | D:6      | Noticed Duvessa
  5112 | D:6      | Killed Duvessa
  5118 | D:6      | Reached XP level 9. HP: 69/69 MP: 9/9
  5126 | D:6      | Killed Dowan
  5127 | D:6      | Reached skill level 11 in Polearms
  5214 | D:6      | Found Kelan's Weapon Shoppe.
  5329 | D:6      | Found a snail-covered altar of Cheibriados.
  5781 | D:6      | Bought a +4 bardiche of venom for 426 gold pieces
  5975 | D:7      | Reached skill level 12 in Polearms
  6061 | D:7      | Found a staircase to the Ecumenical Temple.
  6490 | D:7      | Reached skill level 5 in Armour
  6526 | D:7      | Found a burning altar of Makhleb.
  6776 | D:8      | Reached ***** piety under Trog
  6777 | D:8      | Reached skill level 5 in Throwing
  6808 | D:8      | Reached skill level 13 in Polearms
  7067 | D:8      | Found a sparkling altar of Nemelex Xobeh.
  7069 | D:8      | Found a stormy altar of Qazlal.
  7071 | D:8      | Found a hide-covered altar of Uskayaw.
  7072 | D:8      | Found a shimmering altar of Xom.
  7153 | D:8      | Found a shimmering blue altar of Sif Muna.
  7168 | D:8      | Reached XP level 10. HP: 70/76 MP: 10/10
  7273 | D:9      | Noticed a two-headed ogre
  7278 | D:9      | Killed a two-headed ogre
  7454 | D:9      | Found Fiesm's Book Shoppe.
  7814 | D:9      | Found an ornate altar of the Wu Jian Council.
  7833 | D:9      | Found a sacrificial altar of Ru.
  8400 | D:10     | Entered Level 10 of the Dungeon
  8446 | D:10     | Reached skill level 14 in Polearms
  8513 | D:10     | Noticed a two-headed ogre
  8517 | D:10     | Noticed a kobold demonologist
  8519 | D:10     | Noticed a soul eater
  8522 | D:10     | Killed a two-headed ogre
  8526 | D:10     | Killed a kobold demonologist
  8548 | D:10     | Noticed an unseen horror
  8659 | D:10     | Noticed an unseen horror
  8662 | D:10     | Killed an unseen horror
  8762 | D:10     | Reached skill level 15 in Polearms
  8910 | D:10     | Found a staircase to the Orcish Mines.
  9077 | D:10     | Reached XP level 11. HP: 71/81 MP: 11/11
  9102 | D:10     | Reached skill level 16 in Polearms
  9710 | D:10     | Noticed a cyclops
  9724 | D:10     | Killed a cyclops
  9751 | D:10     | Noticed a deep elf pyromancer
  9756 | D:10     | Killed a deep elf pyromancer
  9757 | D:10     | Reached skill level 17 in Polearms
  9758 | D:10     | Noticed a deep elf pyromancer
  9769 | D:10     | Killed a deep elf pyromancer
  9851 | D:10     | Noticed a deep elf pyromancer
  9857 | D:10     | Killed a deep elf pyromancer
  9963 | D:10     | Noticed a cyclops
  9970 | D:10     | Killed a cyclops
 10117 | D:11     | Found a staircase to the Lair.
 10214 | D:11     | Noticed a boulder beetle
 10218 | D:11     | Noticed a cyclops
 10230 | D:11     | Hit by a large rock thrown by a cyclops

Illustrated notes

Levels and vault maps discovered:
D:1:      minmay_arrival_plants_in_alcoves, layout_basic, serial_shops,
          nicolae_shop_behind_doors, nicolae_wormholes
D:2:      layout_loops_cross, chequers_serial_rivers_micro_a,
          chequers_serial_rivers_micro_a, corexii_corridor_pit
D:3:      layout_basic, dreamdust_divine_triumvirate, amcnicky_altar_gilded,
          mainiacjoe_overflow_24_doors, hellmonk_ecumenical_altar_arch_garden,
          gammafunk_ghost_grave, serial_shops, shop,
          nicolae_shop_hallway_stairs, minmay_curled_crystal,
          serial_bayou_pond_e, grunt_decor_one_mirror, guppyfry_early_lair_pool
D:4:      layout_loops_ring, nicolae_overflow_hidden_temple,
          nicolae_ossuary_entry_monument, lightli_sewer_entry_pipes,
          serial_shops, nicolae_stop_n_shop_1, nicolae_lakefront_shop,
          uniq_menkaure
D:5:      layout_loops_ring, vehumet_crystals
D:6:      dreamdust_elfheim, layout_cave_pods, mainiacjoe_overflow_paths,
          serial_shops, nicolae_shop_behind_doors, shop_coins, shop,
          uniq_duvessa
D:7:      layout_rooms, mainiacjoe_overflow_chevrons,
          minmay_temple_entry_water_ring
D:8:      layout_cave_pools, lemuel_crystal_altar, minitemple
D:9:      layout_loops_ring, old_standard_altar, lemuel_round_altar,
          nicolae_wwwww, minmay_shop_grid_forest, kennysheep_cross_bottleneck
D:10:     minmay_the_grid_octo_2x2 [minmay_the_grid_octo_concentric,
          minmay_the_grid_octo_focus, minmay_the_grid_octo_horde,
          minmay_the_grid_octo_prize_big_c], layout_basic, orc_0_dummy
D:11:     layout_basic, lair_entry_dummy, kennysheep_generic_room_5, uniq_grum

Skill      XL: |  1  2  3  4  5  6  7  8  9 10 11 |
---------------+----------------------------------+-----
Polearms       | 5 6 7 9 10 13 15 17 | 17.9
Armour         | 2 3 4 5 6 |  6.0
Fighting       | 4 5 6 |  6.0
Throwing       | 1 3 5 7 8 |  8.8
Dodging        | |  2.6

Action                   |  1- 3 |  4- 6 |  7- 9 | 10-12 || total
-------------------------+-------+-------+-------+-------++-------
Melee: Spear             |   132 |   275 |   283 |       ||   690
       Punch             |     1 |     5 |     2 |       ||     8
       Tailslap          |       |     1 |       |       ||     1
       Trident           |       |       |     4 |       ||     4
       Bardiche          |       |       |   125 |   229 ||   354
Throw: Boomerang         |       |     2 |     3 |       ||     5
       Stone             |       |     2 |     8 |    12 ||    22
Invok: Berserk           |     2 |     3 |     2 |     6 ||    13
       Trog's Hand       |       |     2 |     2 |     3 ||     7
Evoke: Wand              |       |       |       |     1 ||     1
  Use: Scroll            |       |     8 |     7 |     2 ||    17
       Potion            |       |       |     2 |     2 ||     4
 Stab: Sleeping          |       |     1 |       |       ||     1
Armor: Ring mail         |    27 |    74 |    37 |       ||   138
       Scale mail        |       |       |   116 |   100 ||   216
Dodge: Dodged            |    46 |   114 |   175 |   112 ||   447

Table legend: (Time is in decaauts)
 A = Elapsed time spent in this place.
 B = Non-inter-level travel time spent in this place.
 C = Inter-level travel time spent in this place.
 D = Time resting spent in this place.
 E = Time spent auto-exploring this place.
 F = Levels seen in this place.
 G = Mean time per level.
                   A        B        C        D        E       F      G
               +--------+--------+--------+--------+--------+-----+--------+
         Total |  10144 |   9614 |    530 |    944 |   6767 |  13 |  780.3 |
       Dungeon |   9802 |   9272 |    530 |    887 |   6715 |  11 |  891.1 |
         Sewer |     77 |     77 |      0 |      0 |     11 |   1 |   77.0 |
       Ossuary |    264 |    264 |      0 |     56 |     41 |   1 |  264.0 |
               +--------+--------+--------+--------+--------+-----+--------+

Top non-repeatable levels by time:
    D:10: 1528 daAuts
     D:9: 1326 daAuts
     D:1: 964 daAuts
     D:6: 946 daAuts
     D:4: 906 daAuts
     D:2: 872 daAuts
     D:3: 837 daAuts
     D:5: 829 daAuts
     D:7: 786 daAuts
     D:8: 648 daAuts
 Ossuary: 264 daAuts
    D:11: 157 daAuts
   Sewer: 77 daAuts
